 Dungeon Crawl Stone Soup version 0.22-a0-570-g58866f5 (webtiles) character file.

497 Amnesiac the Twirler (level 7, -4/52 HPs)
             Began as a Formicid Fighter on June 30, 2018.
             Slain by an ogre
             ... wielding a +0 giant club
              (11 damage)
             ... on level 4 of the Dungeon.
             The game lasted 00:03:54 (3183 turns).

Amnesiac the Twirler (Formicid Fighter)             Turns: 3183, Time: 00:03:55

Health: -4/52      AC:  9    Str: 22    XL:     7   Next: 38%
Magic:  7/7        EV:  6    Int:  8    God:
Gold:   211        SH: 11    Dex: 10    Spells: 6/6 levels left

rFire    . . .     SeeInvis +   a - +1 quarterstaff
rCold    + . .     Gourm    .   c - +1 shield
rNeg     . . .     Faith    .   e - +0 chain mail
rPois    .         Spirit   .   (helmet unavailable)
rElec    .         Reflect  .   o - scarf {cloud immunity}
rCorr    .         Harm     .   (no gloves)
MR       +....                  (no boots)
Stlth    ..........             (no amulet)
HPRegen  0.17/turn              g - ring of protection from cold
MPRegen  0.10/turn              r - ring of protection from magic

@: no status effects
A: permanent stasis, dig shafts and tunnels, four strong arms, antennae 3
a: Dig, Shaft Self


You were on level 4 of the Dungeon.
You were not hungry.

You visited 1 branch of the dungeon, and saw 4 of its levels.

You collected 211 gold pieces.

Inventory:

Hand Weapons
 a - a +1 quarterstaff (weapon)
Armour
 c - a +1 shield (worn)
 e - a +0 chain mail (worn)
 o - a scarf of cloud immunity (worn)
Jewellery
 g - a ring of protection from cold (left hand)
 r - a ring of protection from magic (right hand)
Scrolls
 b - a scroll of identify {!r}
 h - a scroll of enchant armour {!r}
Potions
 d - a potion of might {!q}
 j - a potion of curing {!q}
 m - 3 potions of brilliance {!q}
Comestibles
 f - 7 rations
 i - a chunk of flesh


   Skills:
 - Level 3.2 Fighting
 * Level 6.3 Staves
 - Level 3.2 Armour
 + Level 6.1 Shields


You had 6 spell levels left.
You didn't know any spells.
Your spell library was empty.

Dungeon Overview and Level Annotations

Branches:
Dungeon (4/15)
 Temple: D:4-7

Altars:


Innate Abilities, Weirdness & Mutations

You cannot be hasted, slowed, berserked, paralysed or teleported.
You can dig through walls and to a lower floor.
Your four strong arms can wield two-handed weapons with a shield.
You have a pair of large antennae on your head. (SInv)


Message History

No target in view!
An orc comes into view.
An orc is nearby!
An orc is nearby!
You thump the orc!
You kill the orc!
No target in view!
No target in view!
You butcher the orc corpse.
i - 3 chunks of flesh (gained 1)
You sense a monster nearby.
No target in view!
A sky beast comes into view.
The sky beast flickers out of sight for a moment.
A sky beast is nearby!
A sky beast is nearby!
You closely miss the sky beast.
The sky beast hits you but does no damage.
You sock the sky beast!
The sky beast is moderately wounded.
The sky beast hits you but does no damage.
You hit the sky beast.
The sky beast is moderately wounded.
You block the sky beast's attack.
You hit the sky beast.
The sky beast is heavily wounded.
The sky beast hits you but does no damage.
You sock the sky beast!
The sky beast is almost dead.
You block the sky beast's attack.
You hit the sky beast.
You kill the sky beast!
Your Staves skill increases to level 6!
Your Shields skill increases to level 6!
Eating one of 3 chunks of flesh.
You eat one of the 3 chunks of flesh.
This raw flesh tastes terrible.
Some of the chunks of flesh in your inventory have rotted away.
Key pressed, stopping explore.
No target in view!
You sense a monster nearby.
No target in view!
An ogre comes into view. It is wielding a giant club.
The ogre shouts!
An ogre is nearby!
The ogre hits you but does no damage.
You hit the ogre.
The ogre is lightly wounded.
You block the ogre's attack.
You hit the ogre.
The ogre is moderately wounded.
You hit the ogre.
The ogre is heavily wounded.
The ogre hits you with a giant club!
You sock the ogre!
The ogre is severely wounded.
The ogre hits you with a giant club!
You hit the ogre.
The ogre is almost dead.
The ogre hits you with a giant club!!
* * * LOW HITPOINT WARNING * * *
Your chain mail prevents you from hitting the ogre.
The ogre is almost dead.
The ogre hits you with a giant club!
You die...

#.[ #...# #....
...###...###..##
.............#
####.###.##..##.#
..# #. #.###.# #
#.# # #....# #.#
#.##.##.# ###>##
#.# #..O....# #.
#.# #@########.
.# #.......##.
#######.# #.# #.#
#.####### #.#
#.......####.#
.............#
.######.######


You could see an ogre.

Vanquished Creatures
  A sky beast (D:4)
  A scorpion (D:4)
  An orc priest (D:4)
  A worker ant (D:4)
  4 orc wizards
  3 gnolls
  5 adders
  3 oozes
  4 worms (D:3)
  2 dart slugs (D:1)
  4 leopard geckos
  12 orcs
  5 giant cockroaches
  7 goblins
  8 hobgoblins
  6 jackals (D:3)
  2 quokkas
  A ball python (D:1)
  4 bats
  3 frilled lizards
  3 kobolds
  6 rats
  A fungus (D:1)
87 creatures vanquished.

Notes
Turn   | Place    | Note
-------+----------+-------------------------------------------
     0 | D:1      | Amnesiac the Formicid Fighter began the quest for the Orb.
     0 | D:1      | Reached XP level 1. HP: 18/18 MP: 1/1
    26 | D:1      | Reached XP level 2. HP: 22/24 MP: 2/2
   339 | D:1      | Reached XP level 3. HP: 24/29 MP: 3/3
  1035 | D:2      | Reached XP level 4. HP: 35/35 MP: 4/4
  1682 | D:3      | Reached XP level 5. HP: 33/41 MP: 5/5
  1686 | D:3      | Reached skill level 5 in Shields
  2098 | D:3      | Reached skill level 5 in Staves
  2098 | D:3      | Reached XP level 6. HP: 35/47 MP: 6/6
  2942 | D:4      | Reached XP level 7. HP: 51/52 MP: 7/7
  3183 | D:4      | Slain by an ogre

Vault maps used:
D:1:      scummos_arrival_simple_crosswalls, minmay_gold_behind_fungi
D:3:      first_ration, minivault_26, minmay_checkerbox
D:4:      minmay_misc_feat_more_columns, minmay_misc_feat_cross

Skill      XL: |  1  2  3  4  5  6  7 |
---------------+----------------------+-----
Shields        | 4 5 6 |  6.1
Staves         | 3 4 5 6 |  6.3
Fighting       | |  3.2
Armour         | |  3.2

Action                   |  1- 3 |  4- 6 |  7- 9 || total
-------------------------+-------+-------+-------++-------
Melee: Quarterstaff      |    96 |   184 |    23 ||   303
  Use: Scroll            |       |     8 |       ||     8
       Potion            |       |     2 |       ||     2
  Eat: Chunk             |       |     7 |     1 ||     8
Armor: Scale mail        |    37 |    42 |       ||    79
       Chain mail        |       |     7 |     8 ||    15
Dodge: Dodged            |    14 |    36 |     1 ||    51
Block: Shield            |    31 |    86 |     6 ||   123

Table legend:
 A = Spawn XP
 B = Non-spawn XP
 C = Spawn XP percentage of total XP
 D = Spawn monster count
 E = Non-spawn monster count
 F = Spawn count percentage of total count
 G = Total turns spent on level
                    A         B        C        D         E        F      G
               +---------+---------+-------+---------+---------+-------+---------
         Total |       0 |     710 |   0.0 |       0 |      86 |   0.0 |  3183
               +---------+---------+-------+---------+---------+-------+---------
           D:1 |       0 |      48 |   0.0 |       0 |      23 |   0.0 |   706
           D:2 |       0 |      60 |   0.0 |       0 |      12 |   0.0 |   988
           D:3 |       0 |     280 |   0.0 |       0 |      43 |   0.0 |  1072
           D:4 |       0 |     322 |   0.0 |       0 |       8 |   0.0 |   417
               +---------+---------+-------+---------+---------+-------+---------
